 Dungeon Crawl Stone Soup version 0.18.1-8-gdd0e5ea (webtiles) character file.

39 LORDOFBUTT the Ducker (level 3, -1/17 HPs)
             Began as a Felid Berserker on May 26, 2016.
             Was a Follower of Trog.
             Slain by a goblin
             ... wielding a +0 dagger
              (2 damage)
             ... on level 2 of the Dungeon.
             The game lasted 00:00:57 (736 turns).

LORDOFBUTT the Ducker (Felid Berserker)              Turns: 736, Time: 00:00:58

Health: -1/17      AC:  1    Str: 13    XL:     3   Next: 26%
Magic:  4/4        EV: 14    Int:  8    God:    Trog [*.....]
Gold:   63         SH:  0    Dex: 16    Spells: 0 memorised, 2 levels left
                                        Lives:  0   Deaths: 0

rFire  . . .     SeeInvis +       - Unarmed
rCold  . . .     Gourm    .     (armour unavailable)
rNeg   . . .     Faith    .     (shield unavailable)
rPois  .         Spirit   .     (helmet unavailable)
rElec  .         Dismiss  .     (cloak unavailable)
rCorr  .         Reflect  .     (gloves unavailable)
SustAt .         Harm     .     (boots unavailable)
MR     .....                    (no amulet)
Stlth  +++.......               (no ring)
                                (no ring)

@: exhausted, slowed, slow, not resistant to hostile enchantments, fairly
stealthy
A: no armour, no weapons or thrown items, claws 1, fangs 3, see invisible,
carnivore 3, speed 1, shaggy fur 1, slow metabolism 1, sharp paws
a: Berserk, Burn Spellbooks, Renounce Religion


You were on level 2 of the Dungeon.
You worshipped Trog.
Trog was aware of your devotion.
You were not hungry.

You visited 1 branch of the dungeon, and saw 2 of its levels.

You collected 63 gold pieces.

Inventory:

Scrolls
 f - a scroll of enchant weapon {unknown}
 g - a scroll of teleportation {unknown}
 h - a scroll of noise {unknown}
Potions
 b - a potion of resistance {unknown}
 c - a potion of haste {unknown}
 d - a potion of lignification {unknown}
 e - 3 potions of curing {unknown}
Comestibles
 a - a meat ration


   Skills:
 + Level 3.4 Fighting
 + Level 4.5 Dodging
 * Level 2.2 Stealth
 + Level 3.3 Unarmed Combat


You had 2 spell levels left.
You didn't know any spells.

Dungeon Overview and Level Annotations

Branches:
Dungeon (2/15)

Altars:
The Shining One


Innate Abilities, Weirdness & Mutations

You cannot wear armour.
You are incapable of wielding weapons or throwing items.
You have sharp claws.
You have razor-sharp teeth.
You have supernaturally acute eyesight.
You are carnivorous and can eat meat at any time.
You cover ground quickly.
You are covered in fur (AC +1).
You have a slow metabolism.
Your sharp claws are effective at attacking unaware monsters.


Message History

The worm bites you.
* * * LOW HITPOINT WARNING * * *
The rat closely misses you. The hobgoblin closely misses you.
You are too injured to fight recklessly!
You are too injured to fight recklessly!
You are too injured to fight recklessly!
You are too injured to fight recklessly!
You closely miss the goblin. You bite the goblin.
You kill the goblin!
Trog accepts your kill. The goblin hits you with a club.
* * * LOW HITPOINT WARNING * * *
The rat barely misses you. The goblin closely misses you.
You see here a goblin corpse.
You feel a strong urge to attack something.
There is a stone staircase leading up here.
You feel your anger subside.
You are no longer berserk.
You are exhausted.
You feel yourself slow down. The goblin hits you with a dagger.
You die...

....... .. .
......?......
#.......#.#.
#..........
###........#
...........
..........#
.........@#
......ggg.##
........rr.##≈≈
...#...gw.......
.......†...###..
....[$..>..#
....<........
...#.......#...
.###...........


You could see a worm, 2 hobgoblins, 2 goblins and 2 rats.

Vanquished Creatures
  2 adders (D:2)
  2 bats (D:1)
  2 giant cockroaches (D:1)
  5 goblins
  3 hobgoblins (D:1)
  3 kobolds (D:1)
  A giant newt (D:1)
  A rat (D:1)
19 creatures vanquished.

Notes
Turn   | Place    | Note
--------------------------------------------------------------
     0 | D:1      | LORDOFBUTT the Felid Berserker began the quest for the Orb.
     0 | D:1      | Reached XP level 1. HP: 10/10 MP: 2/2
   175 | D:1      | Reached XP level 2. HP: 10/14 MP: 3/3
   244 | D:1      | Reached skill level 1 in Stealth
   299 | D:1      | Found a glowing golden altar of the Shining One.
   727 | D:2      | Reached XP level 3. HP: 17/17 MP: 4/4
   732 | D:2      | HP: 1/25 [goblin/club (2)]
   736 | D:2      | Slain by a goblin

Skill      XL: |  1  2  3 |
---------------+----------+-----
Stealth        | 1 2 |  2.2
Fighting       | |  3.4
Dodging        | |  4.5
Unarmed Combat | |  3.3

Action                   || total
-------------------------++-------
Melee: Unarmed           ||    58
       Bite              ||     2
Invok: Berserk           ||     1
 Stab: Sleeping          ||     3
Armor: Skin              ||     3
Dodge: Dodged            ||    59
